 Dungeon Crawl Stone Soup version 0.32-a0-705-g60f233581c (webtiles) character file.

Game seed: 12324933700103583156

2864 Fodor the Cleaver (level 9, -3/59 (80) HPs)
             Began as a Minotaur Fighter on Mar 14, 2024.
             Was an Initiate of Gozag.
             Shot with a sling bullet by Joseph (9 damage)
             ... on level 8 of the Dungeon.
             The game lasted 00:23:01 (7925 turns).

Fodor the Cleaver (Minotaur Fighter)                Turns: 7925, Time: 00:23:02

HP:   -3/59 (80)    AC: 16    Str: 25    XL:     9   Next: 47%
MP:   8/8           EV:  6    Int:  5    God:    Gozag
Gold: 371           SH:  5    Dex: 10    Spells: 8/8 levels left

rFire   . . .        a - +0 war axe
rCold   + . .        c - +0 buckler
rNeg    . . .        n - +0 plate armour
rPois   .            (helmet restricted)
rElec   .            f - +0 cloak
rCorr   .            (no gloves)
SInv    .            l - +0 pair of boots
Will    .....        (no amulet) Stlth
                     s - ring of flight
HPRegen 0.29/turn    j - ring of protection from cold
MPRegen 0.11/turn

%: no passive effects
@: flying, very heavily drained
A: horns 2, retaliatory headbutt
a: Renounce Religion, Potion Petition, Call Merchant, Bribe Branch


You were on level 8 of the Dungeon.
You worshipped Gozag.
Gozag was aware of your devotion.
You visited 2 branches of the dungeon, and saw 9 of its levels.
You also visited: Sewer.

You collected 620 gold pieces.
You spent 143 gold pieces at shops.
You paid 106 gold pieces to Gozag.

Inventory:

Hand Weapons
 a - a +0 war axe (weapon)
 w - a +0 shortbow
Missiles
 x - 8 boomerangs (quivered)
Armour
 c - a +0 buckler (worn)
 f - a +0 cloak (worn)
 l - a +0 pair of boots (worn)
 n - a +0 plate armour (worn)
 v - a +0 chain mail
Jewellery
 j - a ring of protection from cold (right hand)
 s - a ring of flight (left hand)
Talismans
 b - a beast talisman
 g - a flux talisman
Wands
 e - a wand of mindburst (8)
 D - a wand of roots (7)
Scrolls
 h - a scroll of brand weapon
 p - 2 scrolls of amnesia
 q - a scroll of noise
 r - 2 scrolls of immolation
 t - a scroll of enchant weapon
 u - a scroll of fog
 y - a scroll of summoning
 z - a scroll of blinking {unknown}
 C - 3 scrolls of teleportation
 F - 3 scrolls of vulnerability {unknown}
 G - a scroll of identify
Potions
 d - 3 potions of might
 i - a potion of haste
 k - a potion of ambrosia
 m - 2 potions of heal wounds
 o - a potion of curing {unknown}
 A - 2 potions of brilliance
 B - a potion of lignification {unknown}
 E - a potion of invisibility


   Skills:
 + Level 7.6 Fighting
 + Level 10.2 Axes
 + Level 1.1 Throwing
 + Level 9.0 Armour
 + Level 0.8 Dodging
 + Level 0.2 Stealth
 + Level 6.6 Shields


You had 8 spell levels left.
You didn't know any spells.
Your spell library contained the following spells:

 Spells                   Type           Power      Damage    Failure   Level
 Cigotuvi's Dreadful Rot  Necr/Alch/Air  0%         N/A       100%        2
 Ensorcelled Hibernation  Hex/Ice        0%         N/A       100%        2
 Fugue of the Fallen      Necr           0%         N/A       100%        3
 Ozocubu's Armour         Ice            0%         N/A       100%        3
 Sigil of Binding         Hex            0%         N/A       100%        3
 Anguish                  Hex/Necr       0%         N/A       100%        4
 Dispel Undead            Necr           0%         3d6       100%        4
 Manifold Assault         Tloc           0%         N/A       100%        4
 Martyr's Knell           Necr/Summ      0%         N/A       100%        4
 Death Channel            Necr           0%         N/A       100%        6
 Sculpt Simulacrum        Ice/Alch       0%         N/A       100%        6


Dungeon Overview and Level Annotations

Branches:
Dungeon (8/15)             Temple (1/1) D:6           Sewer (visited)
   Lair: D:8-11

Altars:
Ashenzari
Cheibriados
Dithmenos
Elyvilon
Fedhas
Gozag
Hepliaklqana
Kikubaaqudgha
Makhleb
Okawaru
Qazlal
Ru
Sif Muna
Trog
Uskayaw
Vehumet
Wu Jian
Xom
Yredelemnul
Zin
The Shining One

Shops:
D:6 :**((

Annotations:
D:8 Joseph


Innate Abilities, Weirdness & Mutations

You have a pair of horns on your head.
You reflexively headbutt those who attack you in melee.


Message History

You feel drained.
You throw a boomerang. The boomerang barely misses Joseph.
Joseph shoots a sling bullet.
The sling bullet barely misses you.
You throw a boomerang.
The boomerang hits Joseph but does no damage.
Joseph is lightly wounded.
Joseph shoots a sling bullet.
You block the sling bullet.
You throw a boomerang. The boomerang hits Joseph!
Joseph is moderately wounded.
Joseph shoots a sling bullet.
The sling bullet hits you but does no damage.
You feel drained.
You throw a boomerang. The boomerang closely misses Joseph.
You throw a boomerang.
The boomerang hits Joseph and shatters for extra damage!
Joseph is moderately wounded.
Joseph shoots a sling bullet.
The sling bullet hits you!
You feel drained.
You throw a boomerang. The boomerang barely misses Joseph.
You throw a boomerang. The boomerang closely misses Joseph.
Joseph shoots a sling bullet.
The sling bullet hits you!
You feel drained.
You throw a boomerang.
The boomerang hits Joseph but does no damage.
Joseph is moderately wounded.
Joseph shoots a sling bullet.
The sling bullet hits you!
You feel drained.
You throw a boomerang.
The boomerang hits Joseph but does no damage.
Joseph is moderately wounded.
Joseph shoots a sling bullet.
The sling bullet hits you.
You feel drained.
Joseph says, "I'm here to kill trespassers.
I like my job."
Joseph shoots a sling bullet.
The sling bullet hits you.
You feel drained.
You are too injured to fight recklessly!
You are too injured to fight recklessly!
You are too injured to fight recklessly!
You are too injured to fight recklessly!
Joseph shoots a sling bullet.
You block the sling bullet.
Joseph shoots a sling bullet.
The sling bullet hits you!!
* * * LOW HITPOINT WARNING * * *
You feel drained.
You die...
Your body crumbles into a pile of gold.

# ##.
#...#####
#.....#####..
#...@).....
#.# #.# #.#
#@# #.# #.#
#.#######.#
#......<..#
###########


You could see Joseph.

Vanquished Creatures
  The ghost of BeKind the Chiller, an amateur OpIE of Sif Muna (D:5)
  A wyvern (D:5)
  An orc warrior (D:7)
  2 black bears
  An ice beast (D:6)
  3 sky beasts
  A crocodile (Sewer)
  A phantom (D:5)
  A kobold brigand (D:5)
  3 bullfrogs
  2 gnoll sergeants (D:6)
  3 scorpions
  An electric eel (D:6)
  A crimson imp (D:3)
  4 hounds
  2 bombardier beetles (D:5)
  2 gnoll boudas
  7 orc priests (D:7)
  A jelly (D:6)
  Natasha (thrice) (D:3)
  2 iguanas
  3 sleepcaps
  2 orc wizards
  21 gnolls
  7 adders
  A white imp (D:5)
  3 dart slugs
  A ribbon worm (D:2)
  13 orcs
  4 endoplasms
  7 giant cockroaches
  5 goblins
  9 hobgoblins
  10 jackals
  5 quokkas
  16 ball pythons
  5 bats
  3 frilled lizards
  2 goblin skeletons (D:3)
  2 goblin zombies (D:3)
  3 hobgoblin zombies (D:3)
  18 kobolds
  A kobold skeleton (D:3)
  A kobold zombie (D:3)
  An orc skeleton (D:3)
  2 orc zombies (D:3)
  2 rats
190 creatures vanquished.

Vanquished Creatures (others)
  A hobgoblin (D:4)
1 creature vanquished.

Grand Total: 191 creatures vanquished

Notes
Turn   | Place    | Note
-------+----------+-------------------------------------------
     0 | D:1      | Fodor the Minotaur Fighter began the quest for the Orb.
     0 | D:1      | Reached XP level 1. HP: 19/19 MP: 0/0
    47 | D:1      | Reached XP level 2. HP: 26/27 MP: 1/1
   577 | D:2      | Found a faded altar of an unknown god.
   678 | D:2      | Reached XP level 3. HP: 26/33 MP: 2/2
  1093 | D:2      | Reached skill level 3 in Axes
  1160 | D:2      | Reached XP level 4. HP: 40/40 MP: 3/3
  1389 | D:3      | You fall into a shaft and drop 1 floor!
  1408 | D:4      | Noticed a black bear
  1412 | D:4      | Killed a black bear
  1413 | D:4      | Reached skill level 4 in Axes
  1413 | D:4      | Reached skill level 5 in Armour
  1413 | D:4      | Reached XP level 5. HP: 40/47 MP: 4/4
  1444 | D:4      | Found a snail-covered altar of Cheibriados.
  1468 | D:4      | Reached skill level 5 in Fighting
  1567 | D:4      | Reached XP level 6. HP: 50/56 MP: 5/5
  1906 | D:4      | Reached skill level 5 in Axes
  2321 | D:3      | Noticed Natasha
  2325 | D:3      | Reached skill level 5 in Shields
  2328 | D:3      | Killed Natasha
  2374 | D:3      | Found a glowing golden altar of the Shining One.
  2430 | D:3      | Found a shadowy altar of Dithmenos.
  2430 | D:3      | Noticed Natasha
  2437 | D:3      | Killed Natasha
  2514 | D:3      | Noticed Natasha
  2519 | D:3      | Killed Natasha
  2763 | D:3      | Found a glowing silver altar of Zin.
  2764 | D:3      | Noticed an angel
  2863 | D:5      | Entered Level 5 of the Dungeon
  2892 | D:5      | Found a glowing drain.
  2916 | Sewer    | Entered a sewer
  2923 | Sewer    | Reached XP level 7. HP: 61/61 MP: 6/6
  3212 | D:5      | Reached skill level 6 in Axes
  3234 | D:5      | Noticed a wyvern
  3243 | D:5      | Killed a wyvern
  3507 | D:5      | Reached skill level 7 in Axes
  3540 | D:5      | Reached XP level 8. HP: 40/70 MP: 7/7
  3825 | D:5      | Found a runed translucent gate.
  3825 | D:5      | Found a runed translucent gate.
  3825 | D:5      | Found a runed translucent gate.
  3826 | D:5      | Noticed BeKind's ghost (amateur OpIE)
  3931 | D:5      | Found a hazy altar of Hepliaklqana.
  4933 | D:5      | Killed BeKind's ghost
  4934 | D:5      | Reached skill level 8 in Axes
  5305 | D:6      | Found an ancient bone altar of Kikubaaqudgha.
  5414 | D:6      | Found Xixkir's Assorted Antiques.
  5470 | D:6      | Reached skill level 9 in Axes
  5540 | D:6      | Found Isiebixt's Weapon Shoppe.
  5632 | D:6      | Found Biag's Antique Weapon Shoppe.
  5875 | D:6      | Found a staircase to the Ecumenical Temple.
  5884 | Temple   | Entered the Ecumenical Temple
  5893 | Temple   | Became a worshipper of Gozag Ym Sagoz the Greedy
  6368 | D:6      | Reached XP level 9. HP: 60/78 MP: 8/8
  6617 | D:6      | Found Ymafrosa's Book Emporium.
  6669 | D:6      | Found Nuifeh's General Store.
  6677 | D:6      | Bought a scroll of teleportation for 33 gold pieces
  6677 | D:6      | Bought a scroll of identify for 22 gold pieces
  6677 | D:6      | Bought a potion of invisibility for 88 gold pieces
  7038 | D:7      | Found a radiant altar of Vehumet.
  7266 | D:7      | Reached skill level 10 in Axes
  7535 | D:7      | Reached skill level 1 in Throwing
  7837 | D:7      | Found a shimmering blue altar of Sif Muna.
  7910 | D:8      | Noticed Joseph
  7925 | D:8      | Shot with a sling bullet by Joseph

Illustrated notes

Levels and vault maps discovered:
D:1:      dpeg_arrival_orchard, layout_basic
D:2:      layout_loops_cross, nicolae_ecumenical_oubliette, minmay_pentomino_w2
D:3:      layout_rooms, zin_angel, nicolae_tso_besieged_by_evil,
          nicolae_dithmenos_shadow_blocks, minmay_pentomino_pile, uniq_natasha
D:4:      layout_basic, kennysheep_slug_shrine, kennysheep_cross_room
D:5:      layout_loops_ring, mainiacjoe_overflow_paths, portal_sewer_entry_f,
          gammafunk_ghost_nasty_kobolds, chequers_serial_rivers_large_a,
          amcnicky_mini_pool_medium
D:6:      layout_loops_ring, nicolae_overflow_crystal_walls,
          minmay_temple_entry_drinking_statues, serial_shops,
          nicolae_shop_peninsula, kennysheep_mini_moat, nicolae_lakefront_shop,
          shop, nicolae_shop_real_fake_doors, serial_rivers,
          chequers_serial_rivers_micro_b, chequers_serial_rivers_micro_d,
          chequers_serial_rivers_micro_a, chequers_serial_rivers_micro_c,
          chequers_serial_rivers_micro_b, chequers_serial_rivers_room_a,
          amcnicky_mini_rare_corridor_liquid
D:7:      layout_loops_ring, nicolae_vehumet_altar_sigil, led_sif_pool,
          chequers_hall_statues_y
D:8:      layout_loops_ring, nicolae_twisty_statue_hallways, uniq_joseph
Temple:   dshaligram_water_room_temple

Skill      XL: |  1  2  3  4  5  6  7  8  9 |
---------------+----------------------------+-----
Armour         | 4 5 6 8 9 |  9.0
Shields        | 4 5 6 |  6.6
Fighting       | 4 5 6 7 |  7.6
Axes           | 3 4 5 7 9 10 | 10.2
Throwing       | 1 |  1.1
Dodging        | |  0.8
Stealth        | |  0.2

Action                     |  1- 3 |  4- 6 |  7- 9 || total
---------------------------+-------+-------+-------++-------
  Melee: War axe           |    57 |   142 |   298 ||   497
         Headbutt          |     8 |    15 |    43 ||    66
  Throw: Boomerang         |       |       |    18 ||    18
    Use: Potion            |       |       |     5 ||     5
         Scroll            |       |       |    10 ||    10
   Stab: Distracted        |       |       |     1 ||     1
 Armour: Scale mail        |    50 |       |       ||    50
         Plate armour      |     7 |   165 |   292 ||   464
  Dodge: Dodged            |    23 |    52 |    70 ||   145
  Block: Buckler           |    17 |    47 |    67 ||   131

Table legend: (Time is in decaauts)
 A = Elapsed time spent in this place.
 B = Non-inter-level travel time spent in this place.
 C = Inter-level travel time spent in this place.
 D = Time resting spent in this place.
 E = Time spent auto-exploring this place.
 F = Levels seen in this place.
 G = Mean time per level.
                   A        B        C        D        E       F      G
               +--------+--------+--------+--------+--------+-----+--------+
         Total |   8016 |   7799 |    217 |    393 |   5501 |  10 |  801.6 |
       Dungeon |   7720 |   7503 |    217 |    393 |   5292 |   8 |  965.0 |
        Temple |     18 |     18 |      0 |      0 |      0 |   1 |   18.0 |
         Sewer |    277 |    277 |      0 |      0 |    209 |   1 |  277.0 |
               +--------+--------+--------+--------+--------+-----+--------+

Top non-repeatable levels by time:
     D:5: 2047 daAuts
     D:6: 1471 daAuts
     D:7: 1105 daAuts
     D:4: 1082 daAuts
     D:2: 783 daAuts
     D:1: 631 daAuts
     D:3: 571 daAuts
   Sewer: 277 daAuts
     D:8: 27 daAuts
  Temple: 18 daAuts
